Map: Emerald City LE

Players

OpuS - Winner!

  • Race: Protoss Protoss
  • League: Platinum
  • Spawn Location: 5:00

Sketchaphone - Winner!

  • Race: Zerg Zerg
  • League: Platinum
  • Spawn Location: 5:00

HelloDan

  • Race: Terran Terran
  • League: Platinum
  • Spawn Location: 11:00

Fonzy

  • Race: Zerg Zerg
  • League: Platinum
  • Spawn Location: 11:00

VOD

Have the link to the VOD?

Description

Time

  • Played on: Feb. 18, 2019, 8:51 p.m.
  • Length: 19:52
Show
View Real Time Build Order
Export as new Build Order

OpuS Protoss - Winner!

Build Orders: Zealot Archon 

Get SALT Encoding   

  12  0:01  Probe  
  13  0:13  Probe  
  14  0:18  Pylon  
  14  0:25  Probe  
  15  0:37  Gateway  
  15  0:38  Probe  
  16  0:50  Probe  
  17  1:00  Probe  
  17  1:02  Assimilator  
  18  1:05  Assimilator  
  18  1:08  Probe  
  18  1:10  Gateway  
  18  1:17  Probe  
  20  1:26  Cybernetics Core  
  20  1:32  Pylon  
  20  1:34  Probe  
  21  1:50  Probe  
  22  1:56  Warp Gate  
  22  1:58  Probe  
  22  2:04  Zealot  
  22  2:05  Zealot  
  27  2:12  Twilight Council  
  27  2:15  Probe  
  28  2:28  Probe  
  28  2:30  Gateway  
  28  2:38  Zealot  
  28  2:44  Zealot  
  31  2:51  Charge  
  31  2:56  Shield Battery  
  31  3:02  Pylon  
  31  3:20  Probe  
  31  3:21  Pylon  
  32  3:33  Probe  
  33  3:47  Zealot x3  
  31  3:53  Gateway  
  31  4:10  Forge  
  31  4:21  Templar Archives  
  31  4:26  Zealot x3  
  37  4:33  Protoss Ground Weapons Level 1  
  37  4:59  Zealot x2  
  41  5:00  Zealot x2  
  45  5:21  Stalker  
  45  5:26  Pylon  
  47  5:29  Pylon  
  47  5:31  Pylon  
  46  5:51  Nexus  
  46  5:55  High Templar x3  
  52  5:59  High Templar  
  54  6:04  Archon  
  54  6:06  Archon  
  54  6:23  Pylon  
  54  6:25  Psionic Storm  
  54  6:27  Probe  
  55  6:38  Protoss Ground Weapons Level 2  
  55  6:39  Probe  
  56  6:47  Zealot  
  56  6:51  Probe  
  57  7:18  Zealot x4  
  62  7:35  Probe x2  
  64  7:38  Assimilator  
  64  7:40  Zealot  
  64  7:42  Assimilator  
  66  7:47  Zealot  
  48  8:41  Stalker  
  50  8:49  Probe x2  
  52  8:55  Pylon  
  52  8:58  High Templar x2  
  52  8:59  High Templar  
  54  9:20  Stalker  
  56  9:26  Probe x2  
  52  9:37  Zealot x2  
  54  9:52  Probe x2  
  56  10:03  High Templar x2  
  56  10:04  Probe  
  61  10:10  Probe  
  62  10:26  Pylon  
  62  10:31  Zealot  
  62  10:32  Zealot  
  66  10:38  Probe  
  66  10:39  Probe  
  68  10:47  Shield Battery  
  68  10:50  Probe  
  68  10:51  Probe  
  70  11:02  Assimilator  
  70  11:03  Probe x2  
  72  11:15  Probe x2  
  74  11:21  High Templar  
  74  11:22  High Templar x2  
  74  11:23  Zealot  
  82  11:27  Probe x2  
  70  11:48  Probe x2  
  70  11:49  Zealot  
  70  11:53  Robotics Facility  
  74  12:00  Probe  
  74  12:01  Probe  
  66  12:11  Zealot x2  
  66  12:12  Zealot x2  
  66  12:13  Probe  
  75  12:29  Gateway  
  75  12:30  Gateway  
  75  12:32  High Templar x2  
  73  12:53  Zealot x2  
  61  13:06  Immortal  
  61  13:11  Gateway  
  65  13:13  High Templar x4  
  65  13:19  Pylon, Gateway  
  73  13:22  Pylon, Protoss Ground Weapons Level 3  
  73  13:32  High Templar  
  75  13:54  Nexus  
  75  13:57  Pylon  
  75  14:03  Observer  
  75  14:07  Stalker x2  
  75  14:09  Zealot  
  82  14:22  Zealot x3  
  88  14:28  Probe x2  
  90  14:33  Zealot  
  90  14:36  Stalker  
  94  14:44  Zealot x2  
  98  14:56  Immortal  
  102  15:02  Blink  
  102  15:08  Probe x2  
  102  15:09  Probe  
  102  15:11  High Templar  
  102  15:12  High Templar  
  109  15:15  High Templar x2  
  109  15:19  Archon  
  109  15:20  Archon  
  113  15:23  Zealot x2  
  113  15:27  Zealot  
  119  15:31  Zealot  
  122  15:42  Probe  
  122  15:43  Probe x2  
  98  16:30  Probe x3  
  99  16:43  Immortal  
  99  16:44  Zealot x3  
  99  16:45  Zealot x5  
  99  16:46  Probe  
  121  16:47  Probe x2  
  121  16:49  Assimilator  
  122  16:59  Probe  
  119  17:03  Nexus  
  89  17:33  Zealot x3  
  89  17:34  Zealot x4  
  89  17:35  Zealot  
  89  17:36  Probe x3  
  108  17:40  Assimilator  
  108  17:42  Pylon  
  104  17:46  Assimilator  
  104  17:48  Gateway  
  104  17:50  Assimilator, Gateway  
  104  17:52  Gateway  
  104  17:55  Gateway  
  104  17:57  Immortal  
  106  18:05  High Templar x4  
  112  18:06  High Templar x4  
  112  18:11  Archon x4  
  122  18:16  Probe  
  122  18:17  Probe x3  
  126  18:27  Forge  
  126  18:37  High Templar  
  126  18:38  High Templar  
  126  18:39  Zealot x2  
  126  18:40  High Templar  
  126  18:41  High Templar  
  138  18:42  Archon  
  138  18:44  Archon  
  138  18:49  Probe x3  
  138  18:50  Probe  
  138  18:54  Pylon  
  142  19:01  Stalker  
  142  19:02  Stalker x3  
  114  19:44  Zealot x4  
  114  19:45  Zealot x6  
  124  19:46  Zealot x2  
Show
View Real Time Build Order
Export as new Build Order

Sketchaphone Zerg - Winner!

Build Orders: Hatch First 

Get SALT Encoding   

  12  0:01  Drone  
  13  0:12  Overlord  
  13  0:20  Drone  
  14  0:22  Extractor  
  14  0:23  Drone  
  15  0:32  Drone  
  15  0:34  Drone  
  17  0:55  Hatchery  
  16  0:58  Drone  
  16  1:00  Drone  
  16  1:04  Extractor  
  17  1:10  Drone  
  18  1:23  Drone  
  19  1:32  Overlord  
  19  1:43  Drone  
  20  1:51  Spawning Pool  
  20  1:52  Drone  
  20  2:13  Drone x3  
  23  2:16  Hatchery  
  23  2:20  Evolution Chamber  
  21  2:28  Drone  
  22  2:30  Drone x2  
  22  2:36  Drone  
  25  2:38  Metabolic Boost  
  25  2:44  Queen  
  27  2:55  Drone x2  
  27  2:58  Drone  
  30  3:01  Zerg Ground Armor Level 1  
  30  3:08  Spine Crawler  
  29  3:18  Zergling x2  
  30  3:26  Drone x5  
  35  3:27  Extractor  
  35  3:32  Spine Crawler  
  35  3:33  Zergling x2  
  35  3:38  Spine Crawler  
  33  3:41  Zergling x6  
  36  3:52  Zergling x6  
  32  3:59  Spine Crawler  
  32  4:00  Spine Crawler  
  32  4:02  Spine Crawler  
  28  4:03  Zergling x6  
  29  4:17  Zergling x2  
  29  4:18  Drone x2  
  29  4:21  Drone x2  
  34  4:27  Zergling x4  
  34  4:30  Drone  
  37  4:39  Drone x2  
  37  4:57  Queen  
  37  4:58  Drone x2  
  37  4:59  Drone  
  42  5:06  Lair  
  42  5:09  Pneumatized Carapace  
  42  5:46  Overlord  
  42  5:47  Overlord  
  37  6:07  Zerg Melee Weapons Level 1  
  37  6:08  Zergling x8  
  37  6:09  Drone x2  
  37  6:11  Drone x11  
  54  6:15  Spire, Zergling x4  
  55  6:19  Zergling x2  
  55  6:25  Zergling x2  
  57  6:30  Overlord  
  57  6:31  Overlord  
  57  6:32  Overlord  
  57  6:40  Overlord  
  56  6:51  Zergling x14  
  48  7:08  Zergling x2  
  48  7:09  Zergling x10  
  48  7:14  Zergling x2  
  49  7:16  Zergling x2  
  49  7:17  Zergling x2  
  46  7:34  Zergling x4  
  46  7:35  Mutalisk  
  46  7:36  Mutalisk  
  47  7:56  Zergling x4  
  44  7:59  Drone  
  45  8:06  Mutalisk  
  45  8:07  Mutalisk x2  
  45  8:12  Mutalisk  
  48  8:22  Spore Crawler  
  43  8:28  Mutalisk  
  43  8:33  Drone x2, Extractor x2  
  44  8:40  Drone  
  45  8:43  Hatchery  
  45  8:47  Hatchery  
  43  9:03  Drone x5  
  43  9:07  Mutalisk  
  47  9:27  Mutalisk  
  46  9:45  Mutalisk x2  
  50  10:03  Mutalisk  
  50  10:04  Mutalisk  
  54  10:09  Drone  
  55  10:19  Mutalisk  
  57  10:25  Drone  
  57  10:26  Drone x2  
  60  10:42  Queen  
  60  10:45  Drone x3  
  60  10:47  Drone  
  60  10:49  Drone  
  67  10:52  Drone  
  67  10:56  Drone x2  
  70  11:01  Drone x2  
  72  11:05  Drone  
  72  11:07  Drone  
  74  11:13  Drone x2  
  74  11:18  Drone x4  
  80  11:20  Drone  
  80  11:24  Drone  
  74  11:44  Mutalisk  
  74  11:45  Mutalisk x6  
  88  12:01  Zerg Flyer Weapons Level 1  
  88  12:02  Queen  
  88  12:03  Queen  
  88  12:04  Queen  
  88  12:06  Zergling x2  
  95  12:11  Hydralisk Den  
  94  12:25  Zerg Missile Weapons Level 1  
  94  12:31  Zergling x2  
  94  12:32  Overlord x3  
  94  12:33  Overlord x2  
  95  12:44  Overlord x2  
  80  12:58  Hydralisk  
  80  12:59  Hydralisk x10  
  102  13:13  Extractor  
  102  13:14  Drone x5  
  102  13:15  Drone x2, Extractor  
  107  13:32  Mutalisk x2  
  111  13:36  Lurker Den  
  111  13:39  Grooved Spines  
  110  13:46  Zergling x14  
  110  13:47  Zergling x12  
  115  14:22  Zerg Missile Weapons Level 2  
  115  14:23  Hydralisk x3  
  119  14:24  Hydralisk  
  119  14:30  Drone x3  
  119  14:31  Queen  
  128  14:32  Drone x2  
  130  14:44  Infestation Pit  
  129  14:52  Baneling Nest, Muscular Augments, Hydralisk x4  
  128  14:53  Hydralisk  
  138  15:00  Drone  
  138  15:01  Drone  
  138  15:04  Drone x3  
  143  15:08  Overlord x2  
  143  15:09  Overlord  
  142  15:25  Lurker  
  142  15:26  Queen  
  145  15:29  Lurker x2  
  145  15:34  Hydralisk  
  145  15:35  Hydralisk  
  149  15:36  Hydralisk x8  
  163  16:08  Hydralisk  
  149  16:37  Zergling x8  
  149  16:38  Zergling x12  
  158  16:55  Overlord x3  
  152  17:15  Baneling x3  
  146  17:16  Baneling x17  
  146  17:18  Centrifical Hooks  
  146  17:24  Drone x11, Extractor  
  146  17:25  Extractor, Drone x3, Hydralisk  
  156  17:41  Lurker x2, Hydralisk x4  
  156  17:42  Hydralisk  
  164  17:47  Hatchery  
  164  17:49  Zergling x8  
  167  18:18  Hive, Swarm Host x5  
  181  18:29  Zergling x6  
  181  18:30  Overlord x3  
  181  18:31  Overlord x4  
  181  18:32  Extractor x2  
  182  18:45  Baneling  
  182  18:46  Baneling x9  
  182  18:49  Swarm Host x6  
Show
View Real Time Build Order
Export as new Build Order

HelloDan Terran 

Build Orders: Gas First Reaper Expand 

Get SALT Encoding   

  12  0:00  SCV  
  13  0:13  SCV  
  14  0:20  Supply Depot  
  14  0:25  SCV  
  15  0:30  Refinery  
  15  0:43  Barracks  
  15  0:45  SCV  
  16  0:58  SCV  
  17  1:13  SCV  
  18  1:25  SCV  
  19  1:31  Reaper  
  20  1:43  Orbital Command  
  20  1:55  Command Center  
  20  1:58  Refinery  
  20  2:11  Barracks Reactor  
  20  2:12  Supply Depot  
  20  2:15  Supply Depot  
  20  2:16  SCV  
  21  2:28  SCV  
  22  2:37  Factory  
  22  2:54  Marine x2  
  24  3:12  Marine x2  
  26  3:16  SCV  
  27  3:25  Factory Reactor  
  27  3:28  Bunker  
  27  3:29  Barracks  
  27  3:31  Barracks  
  27  3:34  Marine x2  
  27  3:36  SCV  
  30  3:44  Starport  
  30  3:47  Orbital Command  
  30  3:52  Marine, SCV  
  32  4:02  Widow Mine x2  
  36  4:06  Marine  
  36  4:09  Marine  
  37  4:12  SCV  
  37  4:13  SCV  
  40  4:21  Supply Depot  
  40  4:23  Barracks Tech Lab  
  40  4:25  Barracks Tech Lab, SCV  
  40  4:29  SCV  
  42  4:37  SCV  
  43  4:41  SCV  
  43  4:44  Starport Reactor  
  44  4:47  Engineering Bay  
  44  4:49  SCV, Supply Depot  
  44  4:52  Supply Depot  
  45  4:53  SCV  
  45  4:56  Marine  
  45  4:57  Marauder  
  49  5:01  Stimpack  
  49  5:02  Combat Shield  
  49  5:22  Marine x4, Liberator  
  52  5:36  SCV x2  
  52  5:38  Refinery, Widow Mine x2  
  52  5:40  Medivac, Marine x2  
  52  5:41  Marauder  
  67  5:48  SCV x2  
  69  5:59  Marine  
  69  6:01  Terran Infantry Weapons Level 1  
  70  6:06  Engineering Bay  
  70  6:07  Armory  
  70  6:11  Supply Depot x2  
  70  6:17  Factory  
  70  6:27  Refinery  
  70  6:35  Widow Mine x2  
  75  6:40  Marine x2, SCV x2  
  75  6:41  Marauder, Marine  
  75  6:43  Medivac  
  83  6:55  Missile Turret, SCV x2  
  83  6:58  Marine x2  
  83  6:59  Marauder  
  83  7:03  Marauder  
  77  7:39  Command Center  
  77  7:44  Supply Depot  
  77  8:05  Marine x2  
  77  8:11  Marine  
  79  8:36  Supply Depot  
  79  8:38  Supply Depot  
  79  8:50  Marauder, Marine x3, SCV  
  85  9:02  Planetary Fortress  
  85  9:06  Missile Turret  
  85  9:07  Missile Turret  
  85  9:08  Marine x3  
  88  9:12  Marauder  
  90  9:25  Marine x2, Missile Turret  
  90  9:26  Marauder  
  91  9:33  Marauder  
  93  9:40  Supply Depot, SCV x2  
  93  9:43  Marine x2  
  94  9:47  Marauder  
  94  9:52  SCV x2  
  92  9:54  Marine  
  93  10:01  Marine x2  
  93  10:06  SCV x2  
  97  10:09  Marauder  
  97  10:12  Marine  
  104  10:19  Marine x2  
  106  10:24  Terran Infantry Weapons Level 2, Terran Infantry Armor Level 1  
  106  10:30  Marine x2  
  108  10:36  Viking x2  
  108  10:37  Marine  
  109  10:44  Factory Tech Lab  
  109  10:49  Supply Depot  
  109  10:53  Supply Depot  
  115  11:11  Marauder, Widow Mine x2  
  115  11:21  Command Center  
  58  13:11  SCV x2  
  60  13:23  SCV x2  
  62  13:32  Viking x2  
  66  13:35  SCV x2  
  66  13:39  Planetary Fortress  
  68  13:47  SCV x2  
  68  13:59  Marine x4  
  70  14:13  SCV x2  
  73  14:17  Marine x2, SCV  
  73  14:18  Marauder x2  
  79  14:25  SCV x2  
  79  14:29  SCV  
  79  14:31  Refinery  
  82  14:35  Marine x2  
  82  14:37  SCV, Viking x2  
  82  14:38  Siege Tank, Missile Turret, SCV, Widow Mine x2  
  94  14:39  Marine x2  
  94  14:40  Missile Turret  
  94  14:41  Terran Vehicle Weapons Level 1, SCV  
  94  14:42  Missile Turret  
  100  14:50  SCV x2  
  102  14:52  Marine  
  102  14:53  Marine, SCV  
  102  14:56  Marine  
  102  14:57  Marauder, Factory  
  102  14:59  Widow Mine  
  110  15:02  SCV x2  
  110  15:05  Refinery  
  112  15:10  Drilling Claws, Marine x2  
  114  15:15  Marauder  
  114  15:18  Marine  
  117  15:31  Marine x2  
  119  15:36  Marauder, Marine  
  119  15:40  Factory Tech Lab  
  122  15:44  Siege Tank  
  125  15:55  Command Center  
  110  16:15  Liberator x2  
  110  16:16  Siege Tank  
  94  16:19  Siege Tank  
  94  16:20  Marine x3  
  85  16:31  Widow Mine x2  
  85  16:32  Marine  
  85  16:38  Marine x2  
  85  16:39  Marauder  
  86  16:48  Siege Tank  
  86  16:51  Marauder  
  91  16:56  Marine x2  
  91  17:00  Marauder  
  94  17:20  Siege Tank  
  59  17:46  Marine x2  
  59  17:47  Marauder x2  
  59  17:49  Widow Mine x2  
  69  17:52  Siege Tank  
  72  17:58  SCV x2  
  72  18:04  Marine x2  
  76  18:08  Marauder, Marine  
  76  18:10  Widow Mine x2, SCV x2  
  85  18:21  Marine  
  85  18:22  Marine  
  85  18:24  Siege Tank  
  85  18:26  Marauder  
  92  18:29  Marine, SCV  
  92  18:32  Widow Mine  
  93  18:47  Marauder  
  95  19:03  Marine x2  
  95  19:04  Marauder  
  95  19:05  SCV x2  
  95  19:09  Marauder  
  100  19:17  SCV  
  100  19:21  Marine  
Show
View Real Time Build Order
Export as new Build Order

Fonzy Zerg 

Build Orders: Pool First 

Get SALT Encoding   

  12  0:00  Drone  
  13  0:08  Drone  
  13  0:13  Extractor  
  13  0:31  Spawning Pool  
  13  0:32  Drone  
  13  0:36  Drone  
  14  0:50  Overlord  
  14  1:09  Drone x3  
  17  1:17  Metabolic Boost  
  17  1:31  Drone  
  18  1:40  Hatchery  
  17  1:48  Queen  
  19  1:57  Zergling x4  
  21  2:02  Overlord  
  21  2:25  Zergling x4  
  21  2:28  Queen  
  25  2:42  Zergling x4  
  27  2:52  Zergling x2  
  28  3:01  Zergling x8  
  28  3:05  Overlord  
  32  3:10  Zergling x2  
  33  3:23  Zergling x4  
  31  3:45  Zergling x10  
  31  3:46  Zergling x6  
  37  3:53  Zergling x4  
  39  3:55  Spine Crawler  
  37  4:03  Zergling x4  
  33  4:15  Zergling x4  
  34  4:33  Drone x2  
  34  4:47  Zergling x4  
  34  4:48  Zergling x4  
  29  5:09  Zergling x2  
  29  5:10  Zergling x14  
  29  5:11  Baneling Nest  
  36  5:16  Drone  
  36  5:21  Zergling x2  
  36  5:44  Zergling x10  
  36  5:45  Zergling x4  
  41  6:06  Baneling x2  
  41  6:07  Baneling x3  
  41  6:08  Overlord, Zergling x6  
  44  6:23  Overlord  
  44  6:29  Hatchery  
  43  6:40  Zergling x10  
  48  7:03  Zergling x8  
  48  7:04  Zergling x4  
  50  7:24  Zergling x2  
  50  7:25  Zergling x6  
  39  7:39  Baneling x4  
  39  7:40  Baneling  
  29  7:52  Drone x5  
  29  7:53  Drone  
  31  8:02  Baneling x5  
  31  8:03  Baneling  
  31  8:04  Zergling x4  
  33  8:07  Zergling x6  
  35  8:19  Drone x2  
  38  8:20  Drone  
  38  8:24  Lair  
  40  8:42  Drone x6  
  40  8:43  Extractor  
  40  8:48  Overlord  
  34  9:13  Zergling x14  
  34  9:14  Zergling x8  
  45  9:17  Zergling x6  
  46  9:44  Spore Crawler  
  41  9:45  Spore Crawler  
  41  9:49  Spore Crawler  
  41  9:52  Spore Crawler  
  38  9:53  Queen  
  38  9:54  Spore Crawler  
  38  9:58  Zergling x2  
  38  9:59  Zergling x14  
  43  10:12  Drone x2  
  45  10:33  Drone x4  
  45  10:34  Drone x2  
  50  10:45  Baneling  
  50  10:46  Hydralisk Den, Baneling x2  
  49  10:50  Drone  
  49  10:55  Extractor  
  49  11:01  Drone x3  
  49  11:02  Drone  
  53  11:22  Hydralisk x3  
  53  11:24  Overlord  
  59  11:27  Overlord  
  58  11:38  Hydralisk x2  
  57  12:11  Zergling x14  
  64  12:24  Drone x2  
  64  12:42  Baneling x3  
  64  12:43  Baneling x2  
  36  13:07  Hydralisk x3  
  43  13:20  Drone x4  
  46  13:38  Grooved Spines  
  46  13:45  Drone  
  47  14:08  Hydralisk x2  
  47  14:09  Hydralisk  
  53  14:24  Roach Warren  
  53  14:27  Drone x3  
  55  14:50  Muscular Augments  
  55  14:59  Hydralisk x6  
  67  15:23  Overlord x2  
  67  15:33  Zergling x2  
  67  15:35  Overlord x2  
  64  15:51  Hatchery  
  63  15:57  Roach x3  
  63  15:58  Roach x3  
  71  16:04  Extractor  
  54  16:13  Roach  
  54  16:14  Roach x6  
  51  16:29  Roach x2  
  51  16:30  Roach x2  
  26  16:40  Roach  
  15  17:10  Roach x2  
  19  17:27  Roach  
  20  18:56  Hydralisk x2  
Tags
 
Add a new tag
Caveats
  • Supply blocks, unpowered buildings, or Contaminate may cause inaccurate times.
  • Supply counts are checked every 10 seconds.